TOP OF THE 1ST |
Tampa Bay Rays batting - Pitching for Baltimore Orioles : LHP Danny Duffy
|
Pitching: LHP Danny Duffy
|
|
Batting: LHB Kevin Kiermaier
|
0-0: Called Strike 0-1: Foul Ball, location: 2F 0-2: Ball 1-2: Ball 2-2: Ball 3-2: Base on Balls
|
Batting: RHB Starlin Castro
|
0-0: Ball 1-0: Ball 2-0: Fly out, F8 (Flyball, 89S, EV 88.1 MPH)
|
Batting: RHB Miguel Sano
|
0-0: Ball 1-0: Ball 2-0: Ball 3-0: Called Strike 3-1: Base on Balls Kevin Kiermaier to second
|
Batting: RHB Buster Posey
|
0-0: Swinging Strike 0-1: Called Strike Kevin Kiermaier steals 3rd base (no throw) Miguel Sano to second 0-2: Foul Ball, location: 2F 0-2: Ball 1-2: Ground out 1-3 (Groundball, 15S, EV 68.8 MPH)
|
Batting: RHB Mark Canha
|
0-0: Foul Ball, location: 2F 0-1: Foul Ball, location: 2F 0-2: Ball 1-2: Ball 2-2: Ball 3-2: Ground out 5-3 (Groundball, 56, EV 105.6 MPH)
|
Top of the 1st over - 0 runs, 0 hits, 0 errors, 2 left on base; Tampa Bay 0 - Baltimore 0 |
BOTTOM OF THE 1ST |
Baltimore Orioles batting - Pitching for Tampa Bay Rays : RHP Carlos Carrasco
|
Pitching: RHP Carlos Carrasco
|
|
Batting: RHB Luis Yander La O
|
0-0: Ball 1-0: Fly out, F9 (Line Drive, 9, EV 90.6 MPH)
|
Batting: LHB Daniel Murphy
|
0-0: Ground out 6-3 (Groundball, P, EV 93.1 MPH)
|
Batting: RHB Trevor Story
|
0-0: Called Strike 0-1: Called Strike 0-2: Foul Ball, location: 2F 0-2: Foul Ball, location: 2F 0-2: Foul Ball, location: 2F 0-2: Ball 1-2: Foul Ball, location: 2F 1-2: Strikes out swinging
|
Bottom of the 1st over - 0 runs, 0 hits, 0 errors, 0 left on base; Tampa Bay 0 - Baltimore 0 |
TOP OF THE 2ND |
Tampa Bay Rays batting - Pitching for Baltimore Orioles : LHP Danny Duffy
|
Batting: LHB Brandon Belt
|
0-0: Called Strike 0-1: Called Strike 0-2: Foul Ball, location: 2F 0-2: Ball 1-2: SINGLE (Groundball, 4MD, EV 100.6 MPH)
|
Batting: LHB Mike Yastrzemski
|
0-0: Called Strike 0-1: Grounds into double play, 4-6-3 (Groundball, 4, EV 100.6 MPH)
|
Batting: SHB Tommy Edman
|
0-0: Ground out 4-3 (Groundball, 4, EV 86.3 MPH)
|
Top of the 2nd over - 0 runs, 1 hit, 0 errors, 0 left on base; Tampa Bay 0 - Baltimore 0 |
BOTTOM OF THE 2ND |
Baltimore Orioles batting - Pitching for Tampa Bay Rays : RHP Carlos Carrasco
|
Batting: LHB Kyle Schwarber
|
0-0: Ball 1-0: Called Strike 1-1: Swinging Strike 1-2: Ball 2-2: Foul Ball, location: 2F 2-2: Foul Ball, location: 2F 2-2: Foul Ball, location: 2F 2-2: Strikes out swinging
|
Batting: SHB Asdrubal Cabrera
|
0-0: Called Strike 0-1: Called Strike 0-2: Foul Ball, location: 2F 0-2: Foul Ball, location: 2F 0-2: Foul Ball, location: 2F 0-2: Ground out U3 (Groundball, 3L, EV 83.1 MPH)
|
Batting: LHB Nomar Mazara
|
0-0: Called Strike 0-1: Foul Ball, location: 2F 0-2: Ground out U3 (Groundball, 34, EV 81.3 MPH)
|
Bottom of the 2nd over - 0 runs, 0 hits, 0 errors, 0 left on base; Tampa Bay 0 - Baltimore 0 |
TOP OF THE 3RD |
Tampa Bay Rays batting - Pitching for Baltimore Orioles : LHP Danny Duffy
|
Batting: LHB J.P. Crawford
|
0-0: Ball 1-0: Ground out 4-3 (Groundball, 4, EV 88.1 MPH)
|
Batting: LHB Kevin Kiermaier
|
0-0: Ball 1-0: Swinging Strike 1-1: Called Strike 1-2: Foul Ball, location: 2F 1-2: Strikes out swinging
|
Batting: RHB Starlin Castro
|
0-0: Fly out, F7 (Flyball, 7D, EV 98.8 MPH)
|
Top of the 3rd over - 0 runs, 0 hits, 0 errors, 0 left on base; Tampa Bay 0 - Baltimore 0 |
BOTTOM OF THE 3RD |
Baltimore Orioles batting - Pitching for Tampa Bay Rays : RHP Carlos Carrasco
|
Batting: RHB Travis d'Arnaud
|
0-0: Ground out 5-3 (Groundball, 5, EV 90.0 MPH)
|
Batting: LHB Derek Fisher
|
0-0: Called Strike 0-1: Called Strike 0-2: Strikes out swinging
|
Batting: RHB Albert Almora Jr.
|
0-0: Ball 1-0: Ground out 6-3 (Groundball, 6, EV 101.3 MPH)
|
Bottom of the 3rd over - 0 runs, 0 hits, 0 errors, 0 left on base; Tampa Bay 0 - Baltimore 0 |
TOP OF THE 4TH |
Tampa Bay Rays batting - Pitching for Baltimore Orioles : LHP Danny Duffy
|
Batting: RHB Miguel Sano
|
0-0: Foul Ball, location: 2F 0-1: Swinging Strike 0-2: Ball 1-2: Foul Ball, location: 2F 1-2: Foul Ball, location: 2F 1-2: Foul Ball, location: 2F 1-2: Ball 2-2: Fly out, F8 (Flyball, 8RD, EV 98.1 MPH)
|
Batting: RHB Buster Posey
|
0-0: Called Strike 0-1: Ball 1-1: Ground out 5-3 (Groundball, 56, EV 94.4 MPH)
|
Batting: RHB Mark Canha
|
0-0: Ball 1-0: Called Strike 1-1: SINGLE (Line Drive, 8LS, EV 93.1 MPH)
|
Batting: LHB Brandon Belt
|
0-0: Foul Ball, location: 2F 0-1: Fly out, F9 (Line Drive, 9D, EV 102.5 MPH)
|
Top of the 4th over - 0 runs, 1 hit, 0 errors, 1 left on base; Tampa Bay 0 - Baltimore 0 |
BOTTOM OF THE 4TH |
Baltimore Orioles batting - Pitching for Tampa Bay Rays : RHP Carlos Carrasco
|
Batting: RHB Luis Yander La O
|
0-0: Swinging Strike 0-1: Fly out, F4 (Popup, 34D, EV 72.5 MPH)
|
Batting: LHB Daniel Murphy
|
0-0: Ball 1-0: Ball 2-0: SINGLE (Groundball, 34D, EV 101.9 MPH)
|
Batting: RHB Trevor Story
|
0-0: Ball 1-0: Foul Ball, location: 2F 1-1: Ball 2-1: Foul Ball, location: 2F 2-2: Ball 3-2: Strikes out swinging
|
Batting: LHB Kyle Schwarber
|
0-0: Foul Ball, location: 2F 0-1: Ball 1-1: Foul Ball, location: 2F 1-2: Strikes out swinging
|
Bottom of the 4th over - 0 runs, 1 hit, 0 errors, 1 left on base; Tampa Bay 0 - Baltimore 0 |
TOP OF THE 5TH |
Tampa Bay Rays batting - Pitching for Baltimore Orioles : LHP Danny Duffy
|
Batting: LHB Mike Yastrzemski
|
0-0: Called Strike 0-1: Ball 1-1: Fly out, F6 (Popup, 6D, EV 54.4 MPH)
|
Batting: SHB Tommy Edman
|
0-0: Ball 1-0: Ball 2-0: Fly out, F8 (Flyball, 8RS, EV 91.9 MPH)
|
Batting: LHB J.P. Crawford
|
0-0: Called Strike 0-1: DOUBLE (Groundball, 3L, EV 100.6 MPH)
|
Batting: LHB Kevin Kiermaier
|
0-0: Called Strike 0-1: Reached on error, E1 (Groundball, 15S, EV 73.8 MPH) J.P. Crawford scores
|
Batting: RHB Starlin Castro
|
0-0: Ball 1-0: Fly out, F9 (Flyball, 9, EV 90.6 MPH)
|
Top of the 5th over - 1 run, 1 hit, 1 error, 1 left on base; Tampa Bay 1 - Baltimore 0 |
BOTTOM OF THE 5TH |
Baltimore Orioles batting - Pitching for Tampa Bay Rays : RHP Carlos Carrasco
|
Batting: SHB Asdrubal Cabrera
|
0-0: Foul Ball, location: 2F 0-1: Ball 1-1: Ground out U3 (Groundball, 34S, EV 83.8 MPH)
|
Batting: LHB Nomar Mazara
|
0-0: Called Strike 0-1: SINGLE (Groundball, 4D, EV 96.9 MPH)
|
Batting: RHB Travis d'Arnaud
|
0-0: Swinging Strike 0-1: Ball 1-1: Ball 2-1: Ball 3-1: Fly out, F9 (Line Drive, 9, EV 97.5 MPH)
|
Batting: LHB Derek Fisher
|
0-0: Called Strike 0-1: Ball 1-1: Foul Ball, location: 2F 1-2: Ball 2-2: 2-RUN HOME RUN (Flyball, 9D, EV 88.1 MPH), Distance : 390 ft
|
Batting: RHB Albert Almora Jr.
|
0-0: Called Strike 0-1: Swinging Strike 0-2: Foul Ball, location: 2F 0-2: Ball 1-2: Ball 2-2: SINGLE (Line Drive, 9S, EV 89.4 MPH)
|
Batting: RHB Luis Yander La O
|
0-0: Swinging Strike 0-1: Ball 1-1: Foul Ball, location: 2F 1-2: Foul Ball, location: 2F 1-2: Ground out 4-3 (Groundball, 4, EV 78.8 MPH)
|
Bottom of the 5th over - 2 runs, 3 hits, 0 errors, 1 left on base; Tampa Bay 1 - Baltimore 2 |
TOP OF THE 6TH |
Tampa Bay Rays batting - Pitching for Baltimore Orioles : LHP Danny Duffy
|
Batting: RHB Miguel Sano
|
0-0: Foul Ball, location: 2F 0-1: Fly out, F8 (Line Drive, 8LD, EV 86.9 MPH)
|
Batting: RHB Buster Posey
|
0-0: Ball 1-0: Foul Ball, location: 2F 1-1: Ground out 5-3 (Groundball, 56, EV 83.8 MPH)
|
Batting: RHB Mark Canha
|
0-0: Foul Ball, location: 2F 0-1: Ball 1-1: Ball 2-1: SOLO HOME RUN (Flyball, 7D, EV 96.3 MPH), Distance : 367 ft
|
Batting: LHB Brandon Belt
|
0-0: Swinging Strike 0-1: Ball 1-1: Fly out, F8 (Flyball, 8LM, EV 78.1 MPH)
|
Top of the 6th over - 1 run, 1 hit, 0 errors, 0 left on base; Tampa Bay 2 - Baltimore 2 |
BOTTOM OF THE 6TH |
Baltimore Orioles batting - Pitching for Tampa Bay Rays : RHP Carlos Carrasco
|
Batting: LHB Daniel Murphy
|
0-0: Swinging Strike 0-1: Foul Ball, location: 2F 0-2: Foul Ball, location: 2F 0-2: Ball 1-2: Strikes out swinging
|
Batting: RHB Trevor Story
|
0-0: Foul Ball, location: 2F 0-1: Ball 1-1: Ground out 5-3 (Groundball, 56, EV 86.3 MPH)
|
Batting: LHB Kyle Schwarber
|
0-0: Ball 1-0: Foul Ball, location: 2F 1-1: Foul Ball, location: 2F 1-2: Foul Ball, location: 2F 1-2: Strikes out swinging
|
Bottom of the 6th over - 0 runs, 0 hits, 0 errors, 0 left on base; Tampa Bay 2 - Baltimore 2 |
TOP OF THE 7TH |
Tampa Bay Rays batting - Pitching for Baltimore Orioles : LHP Danny Duffy
|
Batting: LHB Mike Yastrzemski
|
0-0: Swinging Strike 0-1: Ground out 6-3 (Groundball, 6, EV 78.1 MPH)
|
Batting: SHB Tommy Edman
|
0-0: Called Strike 0-1: Swinging Strike 0-2: Foul Ball, location: 2F 0-2: Strikes out swinging passed ball, reaches first!
|
Batting: LHB J.P. Crawford
|
0-0: Ball 1-0: Ball 2-0: Ball 3-0: Foul Ball, location: 2F 3-1: Base on Balls Tommy Edman to second
|
Pitching: LHP Mike Montgomery
|
|
Batting: LHB Kevin Kiermaier
|
0-0: Called Strike 0-1: Foul Ball, location: 2F 0-2: Ball 1-2: Foul Ball, location: 2F 1-2: Ball 2-2: Strikes out looking
|
Batting: RHB Starlin Castro
|
0-0: Ball 1-0: Called Strike 1-1: Ball 2-1: Foul Ball, location: 2F 2-2: Ball 3-2: Foul Ball, location: 2F 3-2: Fly out, F6 (Flyball, 56D, EV 93.1 MPH)
|
Top of the 7th over - 0 runs, 0 hits, 0 errors, 2 left on base; Tampa Bay 2 - Baltimore 2 |
BOTTOM OF THE 7TH |
Baltimore Orioles batting - Pitching for Tampa Bay Rays : RHP Carlos Carrasco
|
Pitching: RHP Trevor Oaks
|
|
Batting: SHB Asdrubal Cabrera
|
0-0: Called Strike 0-1: SINGLE (Line Drive, 56, EV 96.3 MPH)
|
Batting: LHB Nomar Mazara
|
0-0: Called Strike 0-1: Called Strike 0-2: Fielders Choice at 2nd, 3-6 (Groundball, 3, EV 90.0 MPH)
|
Batting: RHB Travis d'Arnaud
|
0-0: Called Strike 0-1: Fly out, F8 (Flyball, 8RM, EV 76.3 MPH)
|
Batting: LHB Derek Fisher
|
0-0: Called Strike 0-1: Foul Ball, location: 2F 0-2: Ball 1-2: Ball 2-2: Ball 3-2: Fly out, F9 (Flyball, 9S, EV 91.3 MPH)
|
Bottom of the 7th over - 0 runs, 1 hit, 0 errors, 1 left on base; Tampa Bay 2 - Baltimore 2 |
TOP OF THE 8TH |
Tampa Bay Rays batting - Pitching for Baltimore Orioles : LHP Mike Montgomery
|
Pitching: RHP Brandon Morrow
|
|
Batting: RHB Miguel Sano
|
0-0: Called Strike 0-1: Swinging Strike 0-2: Ball 1-2: Foul Ball, location: 2F 1-2: Strikes out swinging
|
Batting: RHB Buster Posey
|
0-0: Ball 1-0: Swinging Strike 1-1: Ball 2-1: Swinging Strike 2-2: Ball 3-2: Foul Ball, location: 2F 3-2: Strikes out swinging
|
Pitching: RHP Alex Cobb
|
|
Batting: RHB Mark Canha
|
0-0: Ball 1-0: Foul Ball, location: 2F 1-1: Foul Ball, location: 2F 1-2: Ball 2-2: Fly out, F3 (Flyball, 34D, EV 93.1 MPH)
|
Top of the 8th over - 0 runs, 0 hits, 0 errors, 0 left on base; Tampa Bay 2 - Baltimore 2 |
BOTTOM OF THE 8TH |
Baltimore Orioles batting - Pitching for Tampa Bay Rays : RHP Trevor Oaks
|
Batting: RHB Albert Almora Jr.
|
0-0: Called Strike 0-1: Ball 1-1: Foul Ball, location: 2F 1-2: Ball 2-2: Strikes out swinging
|
Batting: RHB Luis Yander La O
|
0-0: Ground out 5-3 (Groundball, 56, EV 104.4 MPH)
|
Batting: LHB Daniel Murphy
|
0-0: Called Strike 0-1: Ball 1-1: Foul Ball, location: 2F 1-2: Strikes out swinging
|
Bottom of the 8th over - 0 runs, 0 hits, 0 errors, 0 left on base; Tampa Bay 2 - Baltimore 2 |
TOP OF THE 9TH |
Tampa Bay Rays batting - Pitching for Baltimore Orioles : RHP Alex Cobb
|
Batting: LHB Brandon Belt
|
0-0: Called Strike 0-1: Swinging Strike 0-2: Ball 1-2: Ball 2-2: Strikes out swinging
|
Batting: LHB Mike Yastrzemski
|
0-0: Swinging Strike 0-1: Foul Ball, location: 2F 0-2: TRIPLE (Line Drive, 8LXD, EV 96.3 MPH)
|
Batting: SHB Tommy Edman
|
0-0: SINGLE (Line Drive, 34D, EV 95.0 MPH) Mike Yastrzemski scores
|
Batting: LHB J.P. Crawford
|
0-0: Called Strike Tommy Edman steals 2nd base 0-1: Ground out 4-3 (Groundball, 4D, EV 98.8 MPH) Tommy Edman to third
|
Batting: LHB Kevin Kiermaier
|
0-0: Foul Ball, location: 2F 0-1: Ball 1-1: Foul Ball, location: 2F 1-2: Ball 2-2: Strikes out swinging
|
Top of the 9th over - 1 run, 2 hits, 0 errors, 1 left on base; Tampa Bay 3 - Baltimore 2 |
BOTTOM OF THE 9TH |
Baltimore Orioles batting - Pitching for Tampa Bay Rays : RHP Trevor Oaks
|
Pitching: RHP Ken Giles
|
|
Batting: RHB Trevor Story
|
0-0: Called Strike 0-1: Called Strike 0-2: Strikes out looking
|
Batting: LHB Kyle Schwarber
|
0-0: Foul Ball, location: 2F 0-1: Called Strike 0-2: Ball 1-2: Ball 2-2: Strikes out swinging
|
Batting: SHB Asdrubal Cabrera
|
0-0: Foul Ball, location: 2F 0-1: Ball 1-1: SINGLE (Line Drive, 56D, EV 96.3 MPH)
|
Batting: LHB Nomar Mazara
|
0-0: Ball 1-0: Swinging Strike 1-1: Called Strike 1-2: Ball 2-2: Strikes out looking
|
Bottom of the 9th over - 0 runs, 1 hit, 0 errors, 1 left on base; Tampa Bay 3 - Baltimore 2 |
|